Map: Simulacrum LE

Players

KilgoreTrout

  • Race: Protoss Protoss
  • League: Diamond
  • Spawn Location: 11:00

IIIIIIIIIIII - Winner!

  • Race: Terran Terran
  • League: Diamond
  • Spawn Location: 5:00

VOD

Have the link to the VOD?

Description

Time

  • Played on: Dec. 3, 2019, 5:02 p.m.
  • Length: 7:43
Show
View Real Time Build Order
Export as new Build Order

KilgoreTrout Protoss 

Build Orders: 1 Gate Expand, Blink Stalkers 

Get SALT Encoding   

  12  0:01  Probe  
  13  0:13  Probe  
  14  0:18  Pylon  
  14  0:25  Probe (Chrono Boost)  
  15  0:38  Gateway, Probe (Chrono Boost)  
  15  0:42  Gateway  
  16  0:43  Probe (Chrono Boost)  
  16  0:49  Assimilator  
  17  0:55  Probe  
  18  1:07  Probe (Chrono Boost)  
  19  1:16  Probe (Chrono Boost)  
  20  1:28  Nexus  
  20  1:41  Cybernetics Core  
  20  1:43  Probe  
  21  1:47  Assimilator  
  21  1:58  Pylon, Probe  
  21  2:16  Probe  
  21  2:17  Adept (Chrono Boost)  
  21  2:21  Warp Gate  
  24  2:26  Twilight Council  
  24  2:28  Probe  
  25  2:40  Stalker  
  28  2:44  Probe (Chrono Boost)  
  28  2:48  Probe (Chrono Boost)  
  29  2:55  Gateway  
  29  2:56  Probe (Chrono Boost)  
  29  2:57  Probe (Chrono Boost)  
  31  3:01  Blink (Chrono Boost)  
  31  3:06  Probe  
  31  3:12  Probe  
  33  3:25  Probe (Chrono Boost)  
  34  3:29  Probe (Chrono Boost)  
  35  3:34  Gateway  
  35  3:36  Templar Archives  
  37  3:41  Pylon, Probe (Chrono Boost)  
  37  3:43  Probe (Chrono Boost)  
  37  3:50  Probe (Chrono Boost)  
  38  3:58  Probe  
  38  4:02  Robotics Facility  
  39  4:04  Gateway  
  39  4:12  Probe x2  
  39  4:13  Shield Battery  
  39  4:14  Stalker  
  39  4:15  Stalker  
  39  4:16  Shield Battery  
  45  4:24  Probe  
  44  4:39  Stalker x3  
  44  4:41  Probe  
  47  5:03  Stalker x3  
  53  5:11  Immortal (Chrono Boost)  
  53  5:18  Pylon  
  53  5:19  Pylon  
  53  5:20  Pylon  
  53  5:24  Stalker  
  53  5:33  Shield Battery  
  53  5:41  Stalker  
  53  5:42  Stalker x2  
  53  5:53  Stalker  
  26  6:06  Immortal (Chrono Boost)  
  26  6:10  Stalker  
  30  6:11  Zealot  
  30  6:12  Zealot  
  34  6:24  Stalker  
  36  6:38  Sentry  
  36  6:39  Zealot x2  
  42  7:10  Pylon  
  42  7:13  Pylon  
Show
View Real Time Build Order
Export as new Build Order

IIIIIIIIIIII Terran - Winner!

Build Orders: 2 Factory 

Get SALT Encoding   

  12  0:01  SCV  
  13  0:13  SCV  
  14  0:17  Supply Depot  
  14  0:25  SCV  
  15  0:40  Barracks  
  15  0:41  SCV  
  16  0:44  Refinery  
  16  0:53  SCV  
  17  0:57  Refinery  
  17  1:05  SCV  
  18  1:17  SCV  
  19  1:30  Barracks Reactor  
  19  1:35  Orbital Command  
  19  1:38  Supply Depot  
  19  1:56  Factory  
  19  2:07  SCV  
  19  2:08  Factory  
  20  2:09  Marine  
  20  2:11  Marine  
  22  2:22  SCV  
  23  2:27  Marine  
  23  2:29  Marine  
  25  2:35  Supply Depot, SCV  
  26  2:39  Factory Tech Lab  
  26  2:44  Marine  
  26  2:46  Marine  
  26  2:51  Factory Tech Lab  
  28  2:58  Siege Tank  
  31  3:02  Marine  
  31  3:04  Marine  
  33  3:10  Siege Tank  
  36  3:20  Marine  
  36  3:22  Marine  
  38  3:32  Siege Tank  
  41  3:36  Supply Depot  
  41  3:40  Marine x2  
  43  3:49  Siege Tank  
  45  3:59  Marine x2  
  47  4:07  Siege Tank  
  50  4:26  Marine x2  
  52  4:34  Siege Tank  
  50  5:20  Siege Tank  
  53  5:21  Bunker  
  51  5:42  Marine x2  
  50  6:00  Marine  
  47  6:20  Barracks  
  47  6:23  Siege Tank  
  50  6:32  Marine x2  
  51  6:55  Siege Tank  
  54  7:03  Marine  
  54  7:04  Marine  
  54  7:06  SCV  
  54  7:07  Siege Tank  
  60  7:18  SCV  
  60  7:21  Marine  
Tags
 
Add a new tag
Caveats
  • Supply blocks, unpowered buildings, or Contaminate may cause inaccurate times.
  • Supply counts are checked every 10 seconds.